 Dungeon Crawl Stone Soup version 0.31-a0-851-g7ff8af7976 (webtiles) character file.

Game seed: 4909364222916675279

104 LeprechaunX the Changeling (level 4, -5/29 HPs)
             Began as an Octopode Shapeshifter on Oct 6, 2023.
             Killed by divine providence
             ... invoked by an orc priest
              (10 damage)
             ... on level 3 of the Dungeon.
             The game lasted 00:04:08 (1860 turns).

LeprechaunX the Changeling (Octopode Shapeshifter)  Turns: 1860, Time: 00:04:09

Health: -5/29      AC:  1    Str: 15    XL:     4   Next: 80%
Magic:  13/13      EV: 13    Int: 12    God:
Gold:   127        SH:  0    Dex: 11    Spells: 3/3 levels left

rFire   . .          .
                       - Unarmed
rCold   . . .        (no shield)
rNeg    . . .        (helmet currently unavailable)
rPois   .            (no amulet)
rElec   .            i - ring of magical power
rCorr   .            e - ring of willpower
SInv    .            (no ring)
Will    +....        (no ring)
Stlth   ++           (no ring)
HPRegen 0.24/turn    (no ring)
MPRegen 0.13/turn    (no ring)
                     (no ring)

%: no passive effects
@: beast-form
A: beast (slay +2), almost no armour, amphibious, 8 rings, camouflage 1,
gelatinous body 1, (nimble swimmer 1), tentacles
a: Begin Untransformation


You were on level 3 of the Dungeon.
You were a hulking beast.
You visited 1 branch of the dungeon, and saw 3 of its levels.

You collected 127 gold pieces.

Inventory:

Jewellery
 e - a ring of willpower (right tentacle)
 i - a ring of magical power (left tentacle)
Talismans
 b - a beast talisman (active)
 c - a flux talisman
Wands
 j - a wand of flame (17)
Scrolls
 d - 2 scrolls of teleportation {unknown}
 f - a scroll of enchant armour {unknown}
 g - a scroll of noise {unknown}
 h - a scroll of amnesia {unknown}
 n - a scroll of silence {unknown}
 o - a scroll of poison {unknown}
 p - a scroll of identify {unknown}
 q - a scroll of fog {unknown}
Potions
 a - a potion of lignification
 k - a potion of berserk rage {unknown}
 l - a potion of mutation {unknown}
 m - 2 potions of resistance {unknown}
 r - a potion of curing {unknown}


   Skills:
 + Level 2.1 Fighting
 + Level 2.7 Dodging
 + Level 3.5 Unarmed Combat
 * Level 3.9 Shapeshifting


You had 3 spell levels left.
You didn't know any spells.
Your spell library contained the following spells:

 Spells                   Type           Power      Damage    Failure   Level
 Blink                    Tloc           0%         N/A       45%         2
 Poisonous Vapours        Pois/Air       0%         N/A       45%         2
 Mephitic Cloud           Conj/Pois/Air  0%         N/A       69%         3
 Manifold Assault         Tloc           0%         N/A       97%         4
 Freezing Cloud           Conj/Ice/Air   0%         6-21      100%        5


Dungeon Overview and Level Annotations

Branches:
Dungeon (3/15)

Altars:
The Shining One

Shops:
D:1 (*   D:3 =

Portals:
Sewer: D:3


Innate Abilities, Weirdness & Mutations

You are a hulking beast.
Your limbs bulge with bestial killing power. (Slay +2)
You cannot wear most types of armour.
You are amphibious.
You can wear up to eight rings at the same time.
Your skin changes colour to match your surroundings (Stealth+).
Your rubbery body absorbs attacks. (AC +1, EV +1)
((You are camouflaged when in or above water. (Stealth+)))
You have tentacles for arms and can constrict up to eight enemies at once.


Message History

The bat struggles to escape constriction.
You tentacle-slap the bat.
You kill the bat!
No target in view!
No target in view!
You hear the quick rusting of a drain very nearby.
A giant cockroach comes into view.
A giant cockroach is nearby!
A giant cockroach is nearby!
A giant cockroach is nearby!
Found 3 darts of dispersal.
The helpless giant cockroach fails to defend itself.
You bludgeon the giant cockroach!
You kill the giant cockroach!
No target in view!
Found a glowing drain.
The adder hisses angrily. x2
You now have 115 gold pieces (gained 14).
The giant cockroach waves its antennae.
You hear the quick rusting of a drain.
Key pressed, stopping explore.
r - an amethyst potion You now have 127 gold pieces (gained 12).
You hear the rapid rusting of a very distant drain.
An orc comes into view. It is wielding a +0 war axe.
An orc comes into view. It is wielding a +0 dagger.
The orc shouts!
You hear a shout! x2
An orc priest comes into view. It is wielding a +0 hand axe.
An orc priest and an orc come into view.
The orc priest shouts! x2
Found a club.
A goblin comes into view. It is wielding a +0 club.
The orc priest calls down the wrath of Beogh upon you.
Beogh smites you!
The orc priest calls down the wrath of Beogh upon you.
Beogh smites you!
* * * LOW HITPOINT WARNING * * *
The orc priest mumbles some strange prayers to Beogh against you.
Beogh smites you!
You die...

#)....# #..g..#
###..o..# .....o.#
#..oo.# #...o.#
#.....# #.....#
#.#####h##
#.......#
#.######..#
#.........#
########..#
#.#################
#..................
###################


You could see 2 orc priests, 3 orcs and a goblin.

Vanquished Creatures
  Terence (D:2)
  A gnoll (D:1)
  2 adders
  A worm (D:2)
  A dart slug (D:1)
  8 ball pythons
  5 giant cockroaches
  A goblin (D:3)
  2 hobgoblins
  4 jackals (D:2)
  2 kobolds (D:1)
  4 quokkas
  6 bats
  6 frilled lizards
  A rat (D:1)
45 creatures vanquished.

Vanquished Creatures (others)
  A frilled lizard (D:1)
1 creature vanquished.

Grand Total: 46 creatures vanquished

Notes
Turn   | Place    | Note
-------+----------+-------------------------------------------
     0 | D:1      | LeprechaunX the Octopode Shapeshifter began the quest for
                  | the Orb.
     0 | D:1      | Reached XP level 1. HP: 13/13 MP: 1/1
    83 | D:1      | Found Hilulin's Antique Weapon Shop.
   181 | D:1      | Reached XP level 2. HP: 18/18 MP: 2/2
   341 | D:1      | Reached XP level 3. HP: 22/23 MP: 3/3
   584 | D:1      | Found Muxtabro's Assorted Antiques.
   915 | D:2      | Noticed Terence
   925 | D:2      | Killed Terence
   926 | D:2      | Reached XP level 4. HP: 16/29 MP: 4/4
  1491 | D:3      | Found Erchoeg's Jewellery Boutique.
  1717 | D:3      | Found a glowing golden altar of the Shining One.
  1775 | D:3      | Found a glowing drain.
  1860 | D:3      | Killed from afar by an orc priest

Illustrated notes

Levels and vault maps discovered:
D:1:      wheals_arrival_linesprint, layout_basic, serial_shops,
          nicolae_shop_hallway_stairs, nicolae_shop_hallway_stairs,
          lemuel_flame_loot_1
D:2:      layout_rooms, uniq_terence
D:3:      layout_basic, nicolae_tso_carved_into_rock, serial_shops,
          nicolae_shop_hallway_stairs, gup_sewer_entry_glass

Skill      XL: |  1  2  3  4 |
---------------+-------------+-----
Fighting       | 2 |  2.1
Dodging        | |  2.7
Unarmed Combat | |  3.5
Shapeshifting  | |  3.9

Action                     |  1- 3 |  4- 6 || total
---------------------------+-------+-------++-------
  Melee: Unarmed           |    47 |    36 ||    83
         Tentacles         |    10 |     6 ||    16
         Constrict         |    11 |     7 ||    18
         Punch             |     1 |     1 ||     2
    Use: Potion            |     1 |       ||     1
   Stab: Sleeping          |     7 |     5 ||    12
 Armour: Skin              |    18 |    20 ||    38
  Dodge: Dodged            |    20 |    23 ||    43

Table legend: (Time is in decaauts)
 A = Elapsed time spent in this place.
 B = Non-inter-level travel time spent in this place.
 C = Inter-level travel time spent in this place.
 D = Time resting spent in this place.
 E = Time spent auto-exploring this place.
 F = Levels seen in this place.
 G = Mean time per level.
                   A        B        C        D        E       F      G
               +--------+--------+--------+--------+--------+-----+--------+
         Total |   1853 |   1787 |     66 |     44 |   1290 |   3 |  617.7 |
       Dungeon |   1853 |   1787 |     66 |     44 |   1290 |   3 |  617.7 |
               +--------+--------+--------+--------+--------+-----+--------+

Top non-repeatable levels by time:
     D:1: 842 daAuts
     D:2: 547 daAuts
     D:3: 464 daAuts
